Map: Ever Dream LE

Players

maru

  • Race: Terran Terran
  • Spawn Location: 1:00

Reynor - Winner!

  • Race: Zerg Zerg
  • Spawn Location: 7:00

Event: War Chest Team League

VOD

Have the link to the VOD?

Description

Time

  • Played on: Aug. 16, 2020, 7:58 a.m.
  • Length: 19:50
Show
View Real Time Build Order
Export as new Build Order

maru Terran 

Build Orders: Hellion Opening, Reaper Expand 

Get SALT Encoding   

  12  0:00  SCV  
  13  0:12  SCV  
  14  0:17  Supply Depot  
  14  0:25  SCV  
  15  0:38  SCV  
  15  0:39  Barracks  
  16  0:43  Refinery  
  16  0:50  SCV  
  17  1:03  SCV  
  18  1:15  SCV  
  19  1:26  Reaper  
  19  1:27  Orbital Command  
  20  1:38  Command Center  
  20  1:47  Supply Depot  
  20  1:53  SCV  
  21  1:58  Marine  
  22  2:06  SCV  
  23  2:10  Factory  
  23  2:18  SCV  
  23  2:19  Barracks Reactor  
  24  2:30  SCV  
  25  2:42  SCV  
  26  2:45  Command Center  
  26  2:51  Orbital Command  
  26  2:56  SCV  
  27  2:59  Starport  
  27  3:08  Hellion x2  
  27  3:10  SCV  
  32  3:16  SCV, Refinery  
  33  3:24  SCV  
  34  3:28  SCV  
  34  3:30  Hellion x2  
  39  3:35  Viking  
  39  3:36  Barracks Tech Lab  
  39  3:37  SCV  
  42  3:42  Supply Depot  
  42  3:44  SCV  
  43  3:49  SCV  
  43  3:53  Hellion  
  46  3:55  Stimpack  
  46  3:57  Hellion  
  46  3:59  Orbital Command  
  46  4:00  SCV  
  49  4:08  SCV  
  50  4:13  SCV  
  51  4:18  Hellion x2  
  51  4:23  Liberator  
  59  4:24  SCV, Orbital Command  
  59  4:25  SCV  
  59  4:27  Refinery  
  59  4:30  Supply Depot  
  60  4:33  Marine  
  60  4:36  SCV  
  62  4:43  Barracks  
  62  4:44  SCV, Barracks  
  63  4:48  SCV, Factory Reactor  
  63  4:52  SCV  
  65  4:53  Supply Depot  
  65  4:54  Marine  
  65  4:55  Supply Depot  
  65  4:56  SCV  
  67  5:00  SCV, Engineering Bay  
  67  5:01  Engineering Bay  
  67  5:04  SCV  
  69  5:08  SCV, Starport Reactor  
  69  5:12  SCV, Marine  
  72  5:16  SCV  
  69  5:23  SCV  
  69  5:26  Barracks x2  
  70  5:28  Terran Infantry Weapons Level 1, Terran Infantry Armor Level 1  
  70  5:30  Marine  
  71  5:39  SCV x2, Factory Tech Lab  
  71  5:41  Marine x2  
  71  5:42  Marine x2  
  77  5:45  Refinery  
  77  5:48  SCV, Medivac x2, Marine  
  83  5:56  Supply Depot  
  83  5:57  Supply Depot  
  83  5:59  SCV, Marine  
  83  6:01  Siege Tank  
  88  6:05  Combat Shield, Marine  
  88  6:07  SCV  
  88  6:08  Marine  
  91  6:14  Marine x2  
  91  6:15  Barracks Reactor  
  93  6:19  Barracks Reactor  
  93  6:20  Marine  
  93  6:22  SCV  
  93  6:23  Marine  
  96  6:26  Marine  
  96  6:32  SCV x2, Marine x2  
  101  6:34  SCV  
  101  6:35  Medivac  
  101  6:37  Supply Depot x2  
  104  6:44  SCV x2, Siege Tank  
  109  6:50  Armory  
  109  6:58  Marine x2  
  109  6:59  SCV x3, Marine x4  
  118  7:06  Supply Depot  
  118  7:10  Marine x3  
  118  7:11  SCV x3  
  121  7:16  Marine  
  121  7:17  Refinery  
  121  7:18  Supply Depot, Siege Tank  
  125  7:27  SCV x3, Marine x5  
  133  7:30  Marine  
  133  7:35  Supply Depot  
  133  7:37  Supply Depot  
  133  7:40  SCV x2, Medivac, Marine x3  
  140  7:45  Marine  
  140  7:47  Factory  
  140  7:50  Terran Infantry Armor Level 2, Terran Infantry Weapons Level 2  
  141  7:54  Supply Depot  
  141  7:55  Marine  
  141  7:56  Marine x2  
  141  7:57  Marine x3  
  141  7:58  Marine x2  
  140  7:59  SCV x2  
  140  8:03  Marine  
  135  8:09  SCV  
  126  8:13  Marine x2  
  109  8:23  SCV x3  
  109  8:24  Marine  
  92  8:29  Siege Tank  
  89  8:35  SCV x3  
  89  8:37  Drilling Claws  
  89  8:38  Factory Reactor  
  91  8:45  Marine x5  
  91  8:46  Marine x2  
  91  8:47  SCV  
  97  8:49  Medivac  
  97  8:52  SCV  
  99  8:57  Medivac  
  99  8:59  SCV x2  
  103  9:03  Siege Tank  
  103  9:04  SCV  
  103  9:05  Marine x3  
  103  9:06  Marine x3  
  113  9:11  SCV x2  
  113  9:16  Command Center  
  109  9:24  Marine x2  
  109  9:26  Widow Mine x2  
  109  9:30  Medivac x2  
  119  9:32  SCV x2  
  119  9:34  Refinery  
  119  9:36  Widow Mine  
  123  9:45  Supply Depot  
  123  9:46  Barracks  
  123  9:47  Widow Mine, Barracks  
  123  9:48  Widow Mine  
  123  9:49  Marine, Barracks  
  123  9:50  Marine x3  
  131  9:53  SCV x3  
  131  9:57  Siege Tank  
  137  10:03  Marauder, Marine x4  
  137  10:05  SCV  
  137  10:06  Concussive Shells  
  144  10:07  Marine x2  
  144  10:08  Marine x2  
  144  10:09  Widow Mine x2  
  144  10:11  SCV x2  
  138  10:16  Sensor Tower  
  138  10:17  SCV  
  139  10:23  SCV x2  
  141  10:29  SCV, Widow Mine  
  141  10:30  Widow Mine  
  141  10:32  Terran Infantry Weapons Level 3  
  147  10:35  SCV x2  
  147  10:41  SCV  
  149  10:45  Terran Infantry Armor Level 3  
  149  10:47  SCV  
  149  10:48  SCV  
  149  10:49  Barracks Tech Lab  
  149  10:50  Barracks Tech Lab  
  149  10:53  SCV  
  149  10:56  Marauder, Marine  
  153  10:58  Barracks Tech Lab  
  153  10:59  SCV  
  153  11:00  SCV  
  153  11:03  Planetary Fortress  
  153  11:05  SCV  
  154  11:12  SCV x2  
  154  11:17  SCV  
  154  11:18  Medivac x2, Factory  
  154  11:24  SCV x2, Siege Tank  
  154  11:25  Widow Mine x2  
  167  11:29  SCV  
  164  11:41  Marauder x3  
  164  11:45  SCV  
  169  11:54  Marauder  
  169  11:55  SCV  
  169  11:56  SCV x2, Siege Tank  
  169  11:57  SCV  
  175  12:02  Marauder x2  
  175  12:08  SCV x3, Factory Tech Lab  
  175  12:10  SCV, Ghost Academy  
  175  12:11  Marauder  
  180  12:15  Marauder  
  172  12:25  Widow Mine  
  172  12:26  Marauder x2, Widow Mine, Marine  
  172  12:27  Marine x5  
  172  12:29  Siege Tank  
  186  12:30  Siege Tank  
  186  12:32  Marauder  
  188  12:38  Sensor Tower  
  188  12:40  Supply Depot, Missile Turret  
  188  12:51  Refinery x2  
  188  12:56  Command Center  
  187  12:58  Marauder  
  187  13:02  Siege Tank  
  190  13:05  Viking x2  
  192  13:19  Personal Cloaking  
  194  13:24  Missile Turret  
  194  13:25  Unknown x2, Missile Turret  
  194  13:26  Unknown  
  188  13:34  Marine x4  
  188  13:35  Marine, Siege Tank  
  188  13:42  Command Center  
  188  13:48  Unknown  
  172  13:53  Unknown  
  153  13:55  Orbital Command  
  153  13:58  Marine  
  153  13:59  Marauder, Marine x2  
  153  14:00  Marauder, Marine  
  140  14:02  Unknown  
  140  14:03  Unknown, Marauder x2  
  140  14:04  Marine  
  130  14:10  Marine x3  
  130  14:15  Siege Tank  
  130  14:16  Marine  
  130  14:20  Marauder  
  130  14:21  SCV x2  
  130  14:22  Marauder  
  130  14:24  Marauder x2, Siege Tank  
  139  14:25  Widow Mine x2  
  147  14:33  Missile Turret  
  147  14:38  Supply Depot  
  147  14:40  Supply Depot  
  147  14:49  Supply Depot, Orbital Command  
  147  14:54  Marauder x3  
  119  15:10  Marine  
  119  15:11  Planetary Fortress  
  119  15:13  SCV  
  121  15:17  Marine x4  
  131  15:22  Unknown, Orbital Command  
  131  15:23  Marauder  
  131  15:24  SCV x2  
  131  15:26  SCV  
  128  15:36  SCV  
  129  15:44  Unknown x3  
  129  15:46  SCV x2  
  129  15:48  SCV  
  138  15:52  SCV  
  141  15:58  SCV x2  
  141  16:01  SCV  
  141  16:03  Siege Tank x2  
  141  16:04  Widow Mine x2  
  129  16:05  SCV  
  130  16:12  Unknown x3  
  134  16:18  Medivac  
  134  16:19  Unknown, Medivac  
  134  16:25  Widow Mine x2  
  142  16:27  Marine  
  142  16:28  Marauder x2  
  147  16:36  Missile Turret, Widow Mine  
  147  16:37  Missile Turret  
  149  16:41  Unknown x2, Marauder x2  
  143  17:05  Marine x2  
  143  17:06  Marauder x2  
  147  17:10  Missile Turret  
  147  17:14  Siege Tank  
  150  17:21  SCV x2  
  152  17:28  Unknown x2  
  152  17:31  Sensor Tower  
  156  17:40  SCV x2  
  158  17:54  Planetary Fortress  
  158  17:56  Orbital Command  
  158  18:05  Unknown x2  
  133  18:09  SCV  
  133  18:10  Marauder, Marine x2  
  133  18:11  Marauder  
  122  18:15  Marauder, Marine x3  
  127  18:21  SCV  
  127  18:22  SCV  
  129  18:29  Marauder, Marine x2  
  133  18:36  Marauder, Marine x2  
  137  18:45  Marine x2  
  137  18:46  Marauder  
  127  18:55  Marine  
  127  18:56  Marauder x2, Marine  
  127  19:02  Marine x2  
  121  19:03  Marauder  
  121  19:11  Marauder, Marine  
  124  19:20  Marine x3  
Show
View Real Time Build Order
Export as new Build Order

Reynor Zerg - Winner!

Build Orders: Hatch First, Lurkers 

Get SALT Encoding   

  12  0:00  Drone  
  13  0:12  Overlord  
  13  0:16  Drone  
  14  0:30  Drone x2  
  16  0:47  Hatchery  
  15  0:51  Drone  
  15  0:55  Drone  
  17  0:58  Drone  
  18  1:10  Extractor  
  17  1:14  Spawning Pool  
  17  1:17  Drone  
  17  1:20  Drone  
  18  1:28  Drone  
  19  1:38  Drone  
  20  1:50  Drone  
  21  2:00  Zergling x2  
  21  2:01  Zergling x2, Queen x2  
  27  2:10  Overlord  
  27  2:11  Drone  
  28  2:18  Metabolic Boost  
  29  2:30  Drone x2  
  29  2:33  Overlord  
  29  2:34  Drone  
  31  2:39  Queen  
  31  2:43  Drone x2  
  35  2:53  Drone  
  35  2:54  Drone  
  37  3:04  Drone x2  
  39  3:06  Hatchery  
  39  3:10  Drone x3  
  41  3:14  Pneumatized Carapace  
  41  3:20  Overlord  
  41  3:21  Drone  
  41  3:26  Queen  
  44  3:32  Overlord  
  44  3:39  Drone  
  45  3:43  Zergling x2  
  45  3:44  Drone  
  45  3:45  Drone x3  
  50  3:50  Zergling x2  
  50  3:53  Zergling x2  
  50  3:55  Drone x3  
  55  3:57  Queen  
  55  4:01  Zergling x2  
  58  4:05  Drone  
  59  4:10  Overlord  
  59  4:11  Drone  
  59  4:12  Extractor  
  59  4:13  Evolution Chamber, Drone  
  59  4:15  Evolution Chamber, Drone  
  59  4:17  Overlord  
  59  4:27  Overlord  
  59  4:31  Drone x3  
  62  4:33  Drone  
  63  4:41  Zergling x4  
  63  4:42  Drone x2  
  63  4:43  Queen, Drone  
  63  4:44  Zerg Ground Armor Level 1  
  63  4:45  Drone  
  71  4:48  Spore Crawler  
  71  4:52  Zergling x2, Zerg Melee Weapons Level 1  
  71  4:53  Drone  
  71  4:55  Drone  
  73  5:02  Drone x4  
  73  5:05  Zergling x6  
  73  5:06  Zergling x4  
  82  5:11  Overlord  
  79  5:15  Zergling x4  
  79  5:17  Drone x2  
  79  5:18  Drone  
  81  5:21  Lair  
  81  5:24  Baneling Nest  
  81  5:27  Drone  
  81  5:29  Overlord  
  81  5:30  Drone  
  81  5:33  Drone  
  83  5:36  Drone  
  83  5:39  Hatchery  
  83  5:42  Extractor  
  83  5:44  Extractor  
  83  5:46  Overlord, Queen  
  83  5:48  Drone  
  83  5:49  Drone  
  85  5:50  Drone  
  86  5:58  Overlord  
  86  6:01  Zergling x6  
  89  6:06  Zergling x14  
  96  6:14  Zergling x2  
  97  6:20  Zergling x4, Centrifical Hooks  
  97  6:22  Zergling x8  
  97  6:23  Zergling x2  
  104  6:26  Zergling x2  
  104  6:30  Hatchery  
  104  6:32  Overlord x2  
  104  6:34  Zergling x2, Baneling x4  
  105  6:40  Overlord, Zerg Ground Armor Level 2  
  105  6:44  Baneling x3  
  105  6:51  Overlord  
  105  6:52  Drone x7  
  105  6:53  Zergling x6  
  105  6:54  Zergling x2  
  116  6:55  Drone x2  
  116  6:59  Zergling x2, Queen  
  119  7:04  Zergling x6  
  119  7:07  Drone  
  123  7:13  Drone x4  
  123  7:14  Zerg Melee Weapons Level 2  
  127  7:20  Zergling x6  
  130  7:26  Zergling x8  
  134  7:33  Drone  
  134  7:34  Zergling x4  
  134  7:36  Baneling x5  
  137  7:38  Zergling x2  
  137  7:40  Zergling x6  
  141  7:47  Overlord  
  141  7:48  Zergling x14  
  141  7:51  Baneling x8  
  148  7:57  Zergling x2  
  148  7:58  Zergling x4  
  147  8:02  Zergling x8  
  147  8:08  Zergling x6  
  147  8:10  Overlord  
  142  8:13  Zergling x6  
  142  8:18  Zergling x10  
  132  8:23  Zergling x6  
  132  8:24  Zergling x2  
  125  8:29  Hatchery  
  125  8:32  Drone x2  
  125  8:33  Extractor  
  124  8:34  Infestation Pit, Hydralisk Den  
  124  8:36  Zergling x4  
  124  8:38  Baneling  
  124  8:40  Queen  
  124  8:41  Drone  
  125  8:44  Zergling x4  
  125  8:45  Drone  
  127  8:49  Extractor  
  127  8:51  Baneling x5  
  127  8:52  Overlord, Baneling x2  
  127  8:53  Drone x4  
  130  8:57  Zergling x4  
  130  8:58  Hatchery  
  131  9:04  Drone x3  
  131  9:05  Drone x3  
  131  9:06  Drone  
  131  9:07  Zergling x2, Lurker Den, Extractor  
  131  9:08  Extractor  
  137  9:10  Zergling x4  
  137  9:13  Baneling x4  
  137  9:14  Baneling  
  137  9:18  Zergling x2  
  137  9:19  Zergling x4, Overlord  
  137  9:20  Zergling x6  
  140  9:26  Hive  
  140  9:30  Drone  
  140  9:31  Drone x3  
  140  9:32  Drone  
  140  9:33  Drone x2  
  140  9:36  Drone x2  
  140  9:37  Drone x2  
  148  9:41  Zerg Missile Weapons Level 1  
  148  9:45  Drone x4  
  152  9:47  Overlord  
  152  9:48  Zergling x6, Baneling x8  
  152  9:52  Hydralisk x2  
  155  9:54  Hydralisk  
  155  9:59  Hydralisk x2  
  161  10:01  Overlord  
  161  10:02  Zergling x2  
  161  10:03  Zergling x10  
  169  10:14  Hydralisk x2  
  169  10:15  Zergling x12  
  169  10:17  Baneling x15  
  179  10:22  Hydralisk  
  179  10:23  Zergling x8  
  179  10:24  Lurker x4  
  179  10:25  Zergling x2  
  179  10:26  Zergling x2  
  179  10:27  Overlord  
  191  10:29  Zergling x4  
  191  10:30  Zergling x2  
  191  10:32  Zergling x8  
  191  10:35  Overlord  
  197  10:36  Zergling x4  
  197  10:40  Overlord  
  199  10:45  Overlord  
  198  10:51  Adrenal Glands  
  198  10:53  Seismic Spines  
  198  10:59  Overlord  
  198  11:01  Zergling x4, Hydralisk Den  
  199  11:08  Queen  
  195  11:13  Unknown  
  195  11:16  Viper x3  
  199  11:27  Overseer x2  
  199  11:31  Muscular Augments  
  192  11:40  Drone x8  
  199  11:49  Drone x4  
  199  11:50  Adaptive Talons  
  199  11:51  Drone x2  
  198  12:08  Zergling x6  
  199  12:10  Drone  
  199  12:11  Drone x9  
  199  12:17  Drone x2  
  177  12:24  Zergling x22  
  177  12:25  Zergling x26  
  177  12:26  Zerg Melee Weapons Level 3, Zerg Ground Armor Level 3  
  177  12:27  Drone  
  177  12:28  Drone x2  
  197  12:32  Lurker x2  
  197  12:33  Lurker  
  197  12:36  Baneling x9  
  200  12:49  Overseer x2  
  200  12:54  Spire  
  181  12:58  Hydralisk  
  181  12:59  Zergling x16, Hydralisk  
  181  13:00  Zergling x14  
  196  13:31  Hydralisk  
  196  13:32  Zergling x12  
  182  13:45  Hydralisk  
  182  13:46  Zergling x32  
  182  13:47  Zergling x12  
  191  13:52  Hydralisk  
  191  13:55  Hydralisk  
  180  13:57  Hydralisk  
  180  13:58  Zergling x6  
  170  14:04  Zergling x8, Queen  
  170  14:06  Hydralisk  
  170  14:08  Zergling x4, Hydralisk  
  170  14:09  Zergling x2  
  176  14:15  Drone  
  176  14:16  Queen  
  171  14:18  Drone  
  171  14:20  Baneling x6  
  171  14:21  Zergling x2, Hydralisk x3, Baneling x13  
  171  14:24  Hydralisk  
  179  14:26  Baneling  
  179  14:27  Baneling x15  
  179  14:28  Drone x3  
  184  14:32  Overseer, Lurker x4  
  184  14:33  Lurker x3  
  184  14:34  Drone x4  
  184  14:35  Zergling x8  
  184  14:37  Overseer x2  
  199  14:44  Hatchery  
  197  14:53  Hydralisk  
  197  14:54  Zergling x2  
  187  15:05  Hydralisk x7  
  187  15:06  Zergling x32  
  185  15:10  Viper x2  
  185  15:14  Zerg Missile Weapons Level 2  
  187  15:15  Drone x3  
  187  15:18  Zergling x2  
  187  15:19  Zergling x6  
  187  15:21  Lurker x3  
  194  15:24  Drone x3  
  194  15:25  Drone x2  
  199  15:32  Zergling x2  
  195  15:39  Zergling x2  
  195  15:40  Zergling x8  
  200  15:48  Overseer  
  200  15:56  Hydralisk  
  191  15:57  Zergling x18  
  191  15:58  Zergling x2  
  181  16:04  Zergling x30  
  181  16:09  Drone x3  
  199  16:19  Spine Crawler, Spore Crawler, Drone  
  199  16:20  Spine Crawler, Drone  
  198  16:29  Burrow  
  198  16:33  Zerg Flyer Weapons Level 1  
  198  16:34  Hatchery  
  198  16:38  Zergling x4  
  190  16:57  Hydralisk x2  
  190  16:58  Zergling x42  
  190  17:00  Zergling x2, Hydralisk  
  190  17:01  Zergling x12  
  199  17:04  Hydralisk  
  199  17:05  Zergling x12  
  185  17:11  Zergling x18  
  194  17:16  Grooved Spines  
  194  17:18  Baneling x27  
  194  17:25  Overseer, Baneling x7  
  194  17:26  Zergling x10  
  199  17:45  Hatchery  
  199  17:50  Hatchery  
  192  18:01  Hydralisk  
  192  18:02  Zergling x36  
  192  18:04  Overlord  
  192  18:05  Hydralisk  
  193  18:09  Hydralisk  
  193  18:10  Zergling x20  
  193  18:11  Zergling x2  
  193  18:12  Overlord  
  190  18:13  Zergling x4  
  190  18:16  Overlord x2  
  190  18:18  Baneling  
  190  18:19  Hydralisk, Baneling  
  185  18:20  Zergling x14  
  185  18:23  Overlord  
  192  18:27  Lurker  
  192  18:28  Baneling x28  
  192  18:29  Zergling x2  
  192  18:30  Zergling x14  
  192  18:31  Overlord  
  199  18:42  Zergling x2  
  199  18:45  Overlord  
  199  18:47  Hatchery  
  201  18:51  Hydralisk  
  201  18:52  Zergling x8  
  201  18:53  Overlord  
  186  18:56  Hydralisk  
  186  18:57  Zergling x36  
  186  19:00  Zergling x2  
  186  19:01  Zergling x2  
  186  19:05  Hydralisk x3  
  186  19:06  Zergling x4  
  186  19:08  Zergling x8  
  197  19:12  Baneling x25  
  197  19:13  Baneling x2  
  197  19:18  Baneling x14  
  197  19:21  Zergling x4  
Tags
 
Add a new tag
Caveats
  • Supply blocks, unpowered buildings, or Contaminate may cause inaccurate times.
  • Supply counts are checked every 10 seconds.